 Dungeon Crawl Stone Soup version 0.18-a0-1747-g18c4181 (webtiles) character file.

64 andalon the Firebug (level 4, -2/24 HPs)
             Began as a Gargoyle Fire Elementalist on Apr 12, 2016.
             Slain by Sigmund
             ... wielding a +0 scythe
              (7 damage)
             ... on level 2 of the Dungeon.
             The game lasted 00:11:05 (2598 turns).

andalon the Firebug (Gargoyle Fire Elementalist)    Turns: 2598, Time: 00:11:06

Health: -2/24      AC:  6    Str: 11    XL:     4   Next: 12%
Magic:  6/7        EV: 12    Int: 16    God:
Gold:   97         SH:  0    Dex: 11    Spells: 3 memorised, 1 level left

rFire  . . .     SeeInvis .     g - +0 dagger (drain)
rCold  . . .     Gourm    .     a - +0 robe
rNeg   + . .     Faith    .     (no shield)
rPois  ∞         Spirit   .     (no helmet)
rElec  +         Dismiss  .     p - +0 cloak
rCorr  .         Reflect  .     (no gloves)
SustAt .         Harm     .     (no boots)
MR     .....                    (no amulet)
Stlth  ++........               (no ring)
                                (no ring)

@: very slightly contaminated, not resistant to hostile enchantments, unstealthy
A: negative energy resistance 1, regeneration 1, electricity resistance, wild
magic 1, unbreathing, petrification resistance, rot immunity, AC +3
a: no special abilities


You were on level 2 of the Dungeon.
You were very hungry.

You visited 1 branch of the dungeon, and saw 2 of its levels.

You collected 97 gold pieces.

Inventory:

Hand Weapons
 d - a +1 dagger of freezing
 g - a +0 dagger of draining (weapon)
 q - a +0 dagger
 r - a +1 hand axe of freezing
 t - a +0 short sword
 u - a +0 hand axe
 v - a +0 dagger of electrocution
 x - a +0 whip of freezing
Missiles
 f - 10 sling bullets of frost
 k - 21 poisoned needles
 l - 183 stones (quivered)
 n - 39 sling bullets
Armour
 a - a +0 robe (worn)
 e - a +0 robe
 h - a +0 robe
 p - a +0 cloak (worn)
Jewellery
 m - an uncursed amulet of regeneration {unknown}
Scrolls
 i - a scroll of fog {unknown}
 y - a scroll of blinking
Potions
 o - a potion of lignification
 s - a potion of curing
 w - a potion of cancellation {unknown}
Books
 b - a book of Flames

   Spells                             Type                      Level
   a - Flame Tongue                   Conjuration/Fire             1
   b - Throw Flame                    Conjuration/Fire             2
   c - Conjure Flame                  Conjuration/Fire             3
   d - Inner Flame                    Hexes/Fire                   3
   e - Sticky Flame                   Conjuration/Fire             4
   f - Fireball                       Conjuration/Fire             5
Comestibles
 c - a bread ration


   Skills:
 + Level 0.2 Fighting
 + Level 2.4 Dodging
 + Level 2.5 Stealth
 + Level 2.2 Spellcasting
 + Level 1.2 Conjurations
 + Level 3.8 Fire Magic


You had one spell level left.
You knew the following spells:

 Your Spells              Type           Power        Failure   Level  Hunger
a - Flame Tongue          Conj/Fire      ##...        14%         1    #......
b - Throw Flame           Conj/Fire      ##....       17%         2    ###....
c - Conjure Flame         Conj/Fire      ##......     28%         3    ###....


Dungeon Overview and Level Annotations

Branches:
Dungeon (2/15)

Altars:

Annotations:
D:2 Sigmund


Innate Abilities, Weirdness & Mutations

You are resistant to torment.
Your stone body is resilient (AC +3).
You are immune to poison.
You resist negative energy.
You are resistant to electric shocks.
You can survive without breathing.
You are immune to petrification.
You are immune to rotting.
Your natural rate of healing is unusually fast.
Your spells are a little harder to cast, but a little more powerful.


Message History

Casting: Flame Tongue
Confirm with . or Enter, or press ? or * to list all spells.
Aiming: Flame Tongue
Press: ? - help, Shift-Dir - straight line, f - bat
Aim: a bat You miscast Flame Tongue.
You are very lightly contaminated with residual magic.
Nothing appears to happen.
The bat misses you.
Read which item? (? for menu, Esc to quit)
Okay, then.
You closely miss the bat. The bat barely misses you.
You hear some strange, mumbled words.
A puff of flame appears from out of thin air!
The puff of flame misses you. The bat hits you but does no damage.
Something hits you.
* * * LOW HITPOINT WARNING * * *
You see here a club.
You barely miss something. The bat hits you but does no damage.
Something hits you!
You die...

### #.# #.# #?#
####.######
###.........#######
#.@{..b............
###.##.#.##.#######
#.##......#
#.##.####.# #.##.#
#@# .....# #.#
##### .....# #..
.... ...g.# #>.
.... # ####


You could see a bat.

Vanquished Creatures
  An adder (D:2)
  2 dart slugs
  A giant gecko (D:2)
  2 giant cockroaches
  10 goblins
  5 hobgoblins
  11 kobolds
  8 bats
  2 giant newts (D:1)
  3 rats (D:2)
45 creatures vanquished.

Notes
Turn   | Place    | Note
--------------------------------------------------------------
     0 | D:1      | andalon the Gargoyle Fire Elementalist began the quest for the Orb.
     0 | D:1      | Reached XP level 1. HP: 10/10 MP: 3/3
   595 | D:1      | Reached XP level 2. HP: 15/15 MP: 5/5
   686 | D:1      | Learned a level 2 spell: Throw Flame
  1612 | D:1      | Gained mutation: Your spells are a little harder to cast, but a little more powerful. [potion of beneficial mutation]
  1681 | D:2      | Reached XP level 3. HP: 19/19 MP: 6/6
  1706 | D:2      | Gained mutation: Your natural rate of healing is unusually fast. [potion of beneficial mutation]
  1719 | D:2      | Learned a level 3 spell: Conjure Flame
  2117 | D:2      | Reached XP level 4. HP: 15/24 MP: 7/7
  2574 | D:2      | Noticed Sigmund
  2598 | D:2      | Slain by Sigmund

Vault maps used:
D:1:      dpeg_arrival_circle_labyrinth_c
D:2:      marbit_many_paths, minmay_misc_feat_roman, minmay_misc_feat_tiny,
          kennysheep_small_spiral, uniq_sigmund

Skill      XL: |  1  2  3 |
---------------+----------+-----
Dodging        | 2 |  2.4
Fighting       | |  0.2
Stealth        | |  2.5
Spellcasting   | |  2.2
Conjurations   | |  1.2
Fire Magic     | |  3.8

Action                   |  1- 3 |  4- 6 || total
-------------------------+-------+-------++-------
Melee: Unarmed           |     8 |       ||     8
       Dagger            |   110 |    20 ||   130
       Short sword       |     4 |       ||     4
 Cast: Flame Tongue      |    12 |       ||    12
  Use: Potion            |     5 |       ||     5
       Scroll            |     3 |       ||     3
 Stab: Sleeping          |       |     1 ||     1
  Eat: Chunk             |     2 |     1 ||     3
       Pizza             |     1 |       ||     1
Armor: Robe              |    49 |    13 ||    62
Dodge: Dodged            |    89 |    27 ||   116
